[Event "Titled Tuesday Blitz August 08 Early 2023"]
[White "Molina, Roberto Junio Brito"]
[Black "Matlakov, Maxim"]
[WhiteFideId "2109450"]
[BlackFideId "4168003"]
[WhiteElo "2860"]
[BlackElo "2988"]
[Result "0-1"]
[Round "5"]
[TimeControl "180+1"]
[Date "2023.08.08"]
[WhiteClock "0:00:04"]
[BlackClock "0:00:14"]
[Board "13"]

1. d4 Nf6 2. c4 e6 3. Nf3 Bb4+ 4. Bd2 Bxd2+ 5. Qxd2 d5 6. e3 O-O 7. Nc3 Qe7 8. Rc1 Rd8 9. cxd5 exd5 10. Be2 c6 11. O-O Nbd7 12. a3 Ne4 13. Qc2 Ndf6 14. Nd2 Nd6 15. Bd3 h5 16. Rce1 Nfe4 17. f3 Nxd2 18. Qxd2 Qg5 19. Rf2 Bf5 20. e4 Qxd2 21. Rxd2 dxe4 22. fxe4 Bg6 23. Kf2 b5 24. Bf1 a5 25. Kf3 b4 26. Nd1 f5 27. e5 Ne4 28. Bc4+ Kh7 29. Rd3 h4 30. Kf4 Kh6 31. Ne3 Rf8 32. Be6 Ng5 33. Bxf5 Ne6+ 34. Ke4 Ng5+ 35. Kf4 Ne6+ 36. Kg4 Bh5+ 37. Kxh4 Nf4 38. Rd2 Nd5 39. g4 Bf7 40. Nxd5 Bxd5 41. Kg3 Rab8 42. axb4 Rxb4 43. h4 g6 44. g5+ Kg7 45. Be4 Rb3+ 46. Kh2 Rf4 47. Bxd5 Rxh4+ 48. Kg2 cxd5 49. e6 Rg4+ 50. Kh2 Kf8 51. Rf2+ Ke7 52. Rf7+ Ke8 53. Rh7 Rxd4 54. e7 Re4 55. Rc1 Rxb2+ 56. Kg3 Rxe7 57. Rc8+ Kd7 58. Rxe7+ Kxe7 59. Rc5 Kd6 60. Rxa5 Ke5 61. Ra6 Kf5 62. Rd6 Rd2 63. Kf3 Kxg5 64. Ke3 Rd1 65. Ke2 Rd4 66. Ke3 Re4+ 67. Kf3 Re5 68. Rd8 Kf6 69. Rf8+ Ke6 70. Re8+ Kd6 71. Rg8 g5 72. Rd8+ Kc5 73. Rc8+ Kd4 74. Ra8 Rf5+ 75. Kg4 Rf1 76. Kxg5 Ke4 77. Re8+ Kd3 78. Kg4 d4 79. Kg3 Kc3 80. Kg2 Rf7 81. Rc8+ Kd2 82. Rd8 d3 83. Rd7 Rxd7 0-1


[Site "https://www.chess.com"]

[Event "Titled Tuesday Blitz August 08 Early 2023"]
[White "Van Foreest, Jorden"]
[Black "Henriquez Villagra, Cristobal"]
[WhiteFideId "1039784"]
[BlackFideId "3409350"]
[WhiteElo "2985"]
[BlackElo "2848"]
[Result "1-0"]
[Round "5"]
[TimeControl "180+1"]
[Date "2023.08.08"]
[WhiteClock "0:00:20"]
[BlackClock "0:00:01"]
[Board "14"]

1. d4 d6 2. Nf3 g6 3. e4 Bg7 4. Nc3 a6 5. Be3 Nd7 6. Bd3 b5 7. a4 b4 8. Ne2 a5 9. c3 Ngf6 10. Ng3 O-O 11. Qd2 bxc3 12. bxc3 Ng4 13. O-O Nxe3 14. fxe3 e6 15. Rab1 Nb6 16. Bb5 Bd7 17. Ra1 Bh6 18. Qe2 c6 19. Bd3 Rb8 20. e5 d5 21. h3 c5 22. Bb5 Bxb5 23. axb5 Nc4 24. e4 Rxb5 25. Ra2 cxd4 26. cxd4 Rb6 27. Kh1 Qe7 28. Nh2 Rfb8 29. Ng4 Bg7 30. exd5 exd5 31. Qf3 Qe6 32. Qf4 Rb1 33. Rf2 Rxf1+ 34. Rxf1 a4 35. Nf6+ Bxf6 36. exf6 Qd6 37. Qg5 Qf8 38. Nf5 Kh8 39. Ne7 a3 40. Qxd5 Ne3 41. Qf3 Nxf1 42. Qxa3 Nd2 43. Kh2 Ne4 44. Qf3 Nd6 45. Qf4 Rd8 46. Nc6 Re8 47. Ne5 Re6 48. Nd7 Qd8 49. d5 Qxd7 50. Qh6 1-0


[Site "https://www.chess.com"]

[Event "Titled Tuesday Blitz August 08 Early 2023"]
[White "Le, Tuan Minh"]
[Black "Ibarra Jerez, Jose Carlos"]
[WhiteFideId "12401153"]
[BlackFideId "2226332"]
[WhiteElo "2966"]
[BlackElo "2842"]
[Result "1-0"]
[Round "5"]
[TimeControl "180+1"]
[Date "2023.08.08"]
[WhiteClock "0:00:52"]
[BlackClock "0:00:05"]
[Board "15"]

1. e4 c5 2. Nf3 Nc6 3. Bb5 e6 4. O-O Nge7 5. Re1 Nd4 6. Bf1 Nec6 7. c3 Nxf3+ 8. Qxf3 Be7 9. d3 O-O 10. Bf4 e5 11. Be3 d6 12. Nd2 f5 13. exf5 Bxf5 14. Ne4 d5 15. Ng3 Bxd3 16. Qg4 Bxf1 17. Rxf1 Qc8 18. Qa4 Qe6 19. Rae1 b6 20. f4 e4 21. f5 Qd7 22. Rd1 Rac8 23. Qxe4 Rcd8 24. Qa4 Ne5 25. Qxd7 Rxd7 26. Bf4 Ng4 27. h3 Nf6 28. Rfe1 Rfd8 29. Kf2 Kf7 30. Kf3 Bd6 31. Ne2 g6 32. g4 gxf5 33. gxf5 Rg8 34. a4 Bxf4 35. Nxf4 Rg5 36. Re5 d4 37. cxd4 cxd4 38. a5 bxa5 39. Rxa5 Rb7 40. Rxd4 Nh5 41. Ne6 Rg3+ 42. Ke4 Nf6+ 43. Kf4 Nh5+ 44. Ke5 Re3+ 45. Kd6 h6 46. Nd8+ 1-0


[Site "https://www.chess.com"]

[Event "Titled Tuesday Blitz August 08 Early 2023"]
[White "Zemlyanskii, Ivan"]
[Black "Fantastic_Power"]
[WhiteFideId "24249971"]
[WhiteElo "2916"]
[BlackElo "2799"]
[Result "0-1"]
[Round "5"]
[TimeControl "180+1"]
[Date "2023.08.08"]
[WhiteClock "0:00:03"]
[BlackClock "0:00:05"]
[Board "17"]

1. d4 Nf6 2. c4 e6 3. Bf4 Nc6 4. Nf3 Bb4+ 5. Bd2 Bxd2+ 6. Qxd2 d6 7. Nc3 O-O 8. g3 e5 9. Bg2 Bf5 10. O-O Ne4 11. Qe3 Nxc3 12. Qxc3 Qf6 13. d5 Ne7 14. Nd2 Qh6 15. c5 Bh3 16. cxd6 cxd6 17. e4 Bxg2 18. Kxg2 f5 19. exf5 Nxf5 20. Ne4 Rf7 21. f4 Raf8 22. Ng5 Rf6 23. Ne6 Re8 24. Rae1 Ne7 25. Qb3 Rc8 26. fxe5 Qd2+ 27. Kg1 dxe5 28. Qe3 Qxd5 29. Qxe5 Rxf1+ 30. Kxf1 Qxe5 31. Rxe5 Rc1+ 32. Re1 Rc2 33. Re2 Rxe2 34. Kxe2 Nc6 35. Kd3 Kf7 36. Nc5 b6 37. Na6 Ke6 38. b4 Kd5 39. Nc7+ Kd6 40. Nb5+ Kd5 41. Nc3+ Kd6 42. a3 a5 43. b5 Ne5+ 44. Ke4 Nc4 45. a4 Kc5 46. Kf5 Kb4 47. Nd5+ Kxa4 48. Ke6 Kxb5 49. Kf7 g5 50. Kg7 Kc5 51. Nc3 b5 52. Kxh7 b4 53. Nd1 a4 54. h4 gxh4 55. gxh4 a3 56. h5 a2 0-1


[Site "https://www.chess.com"]

[Event "Titled Tuesday Blitz August 08 Early 2023"]
[White "Vokhidov, Shamsiddin"]
[Black "Krzyzanowski, Marcin"]
[WhiteFideId "14204223"]
[BlackFideId "1132199"]
[WhiteElo "2900"]
[BlackElo "2787"]
[Result "0-1"]
[Round "5"]
[TimeControl "180+1"]
[Date "2023.08.08"]
[WhiteClock "0:00:18"]
[BlackClock "0:00:02"]
[Board "18"]

1. e4 c5 2. Nf3 Nc6 3. Bb5 a6 4. Bxc6 dxc6 5. d3 Qc7 6. a4 e5 7. a5 Ne7 8. h3 Ng6 9. Be3 Be7 10. Nfd2 O-O 11. Nc3 f5 12. exf5 Bxf5 13. Nce4 Nh4 14. O-O Rad8 15. Bxc5 Bxc5 16. Nxc5 Qc8 17. Qh5 Ng6 18. Nce4 Nf4 19. Qh4 Qe6 20. Ng3 Rd4 21. Nde4 Bxe4 22. Nxe4 Qg6 23. Qg4 Qf7 24. Rae1 h5 25. Qg5 Rd5 26. b4 Re8 27. Qh4 Qg6 28. g3 Ne6 29. Re3 Nd4 30. Nc5 Nf5 31. Qe4 Rd4 32. Qf3 Nxe3 33. Qxe3 Rxb4 34. Ne4 Rb5 35. c4 Rxa5 36. Rb1 b5 37. Qb6 Ra2 38. cxb5 axb5 39. Rxb5 Rf8 40. Rxe5 Qf7 41. Qe3 Ra1+ 42. Kg2 Qa2 43. Ng5 Qb1 44. Rf5 Qh1# 0-1


[Site "https://www.chess.com"]

[Event "Titled Tuesday Blitz August 08 Early 2023"]
[White "Kazakouski, Valery"]
[Black "Cherniaiev, Tykhon"]
[WhiteFideId "13507443"]
[BlackFideId "14182360"]
[WhiteElo "2894"]
[BlackElo "2783"]
[Result "1-0"]
[Round "5"]
[TimeControl "180+1"]
[Date "2023.08.08"]
[WhiteClock "0:00:47"]
[BlackClock "0:00:02"]
[Board "19"]

1. Nf3 Nf6 2. c4 e6 3. g3 d5 4. b3 c5 5. e3 Nc6 6. Bg2 d4 7. exd4 cxd4 8. O-O Be7 9. d3 O-O 10. Re1 a5 11. Bb2 a4 12. Na3 axb3 13. axb3 Bb4 14. Re2 Bxa3 15. Bxa3 Re8 16. b4 Qe7 17. Rea2 Rxa3 18. Rxa3 Qxb4 19. Ra8 e5 20. Nd2 Bf5 21. Rxe8+ Nxe8 22. Ra8 Qe7 23. Qf3 Bg6 24. h4 f6 25. h5 Bf7 26. h6 gxh6 27. Qg4+ Bg6 28. Qc8 Kg7 29. Bxc6 bxc6 30. Qxc6 Qb4 31. Ra7+ Bf7 32. Qd7 Qf8 33. Ne4 Kg8 34. c5 Bg6 35. Nd6 Nxd6 36. Qxd6 Qxd6 37. cxd6 Kf8 38. Ra8+ Kf7 39. d7 Bxd3 40. d8=Q Kg7 41. Ra7+ Kg6 42. Qg8+ Kh5 43. f3 Bc2 44. Qg4# 1-0


[Site "https://www.chess.com"]

[Event "Titled Tuesday Blitz August 08 Early 2023"]
[White "Lamaze, Simon"]
[Black "Isanzhulov, Arystan"]
[WhiteFideId "36069264"]
[BlackFideId "13711644"]
[WhiteElo "2765"]
[BlackElo "2870"]
[Result "0-1"]
[Round "5"]
[TimeControl "180+1"]
[Date "2023.08.08"]
[WhiteClock "0:00:00"]
[BlackClock "0:00:20"]
[Board "20"]

1. c4 g6 2. e4 Bg7 3. d4 c5 4. dxc5 Qa5+ 5. Nc3 Qxc5 6. Be3 Qa5 7. Nf3 Nf6 8. Bd3 O-O 9. O-O Nc6 10. h3 d6 11. Re1 Nd7 12. Bf1 Bxc3 13. bxc3 Qxc3 14. Nd4 Nc5 15. Rb1 Qa5 16. Nxc6 bxc6 17. e5 Bf5 18. Rb2 dxe5 19. Bd2 Qc7 20. Bc3 f6 21. Qc1 Na4 22. Rb3 Nxc3 23. Qxc3 Rab8 24. c5 Be6 25. Ra3 Kg7 26. f4 Rfd8 27. fxe5 f5 28. Bc4 Bxc4 29. Qxc4 Rd5 30. e6 Rbd8 31. Qc3+ Kg8 32. Rb3 Qf4 33. Qe3 Qc7 34. Reb1 a5 35. a4 Rd4 36. Re1 Kg7 37. Rb6 Rxa4 38. Qf3 Rd5 39. Qc3+ Rad4 40. Qxa5 Qg3 41. Qa1 Kh6 42. Qc1+ Rd2 43. Re2 f4 44. Rxd2 Qe3+ 45. Kh1 Rxd2 46. Rb3 Qe2 47. Qg1 Rd1 0-1


[Site "https://www.chess.com"]

[Event "Titled Tuesday Blitz August 08 Early 2023"]
[White "Sarana, Alexey"]
[Black "Godzwon, Iwo"]
[WhiteFideId "24133795"]
[BlackFideId "21802483"]
[WhiteElo "3083"]
[BlackElo "2682"]
[Result "1-0"]
[Round "5"]
[TimeControl "180+1"]
[Date "2023.08.08"]
[WhiteClock "0:01:07"]
[BlackClock "0:00:17"]
[Board "21"]

1. c4 c5 2. Nf3 Nc6 3. d4 cxd4 4. Nxd4 g6 5. e4 Bg7 6. Be3 Nf6 7. Nc3 O-O 8. Be2 d6 9. O-O Bd7 10. Nc2 Ne8 11. Qd2 f5 12. exf5 Bxf5 13. Nd4 Nxd4 14. Bxd4 Nc7 15. Bxg7 Kxg7 16. Bf3 Qc8 17. Rfe1 Rf7 18. Rad1 Kg8 19. b3 Bg4 20. Bxg4 Qxg4 21. Re4 Qf5 22. Rde1 Re8 23. h3 a6 24. a4 Qd7 25. Qe3 Qc6 26. b4 e5 27. b5 axb5 28. axb5 Qd7 29. Rd1 Qe7 30. Qd2 Rf6 31. Na4 Kg7 32. Nb6 Rd8 33. Qe3 Qf8 34. f3 Ne6 35. Nd5 Rf7 36. Qc3 Nc5 37. Re2 h6 38. f4 Rxf4 39. Nxf4 Qxf4 40. Rxe5 dxe5 41. Rxd8 Ne4 42. Qe1 Nf6 43. Qf1 Qxc4 44. Qxc4 1-0


[Site "https://www.chess.com"]

[Event "Titled Tuesday Blitz August 08 Early 2023"]
[White "Akhmedinov, Satbek"]
[Black "Bluebaum, Matthias"]
[WhiteFideId "13714287"]
[BlackFideId "24651516"]
[WhiteElo "2680"]
[BlackElo "3034"]
[Result "1/2-1/2"]
[Round "5"]
[TimeControl "180+1"]
[Date "2023.08.08"]
[WhiteClock "0:01:43"]
[BlackClock "0:00:48"]
[Board "22"]

1. e4 e6 2. d4 d5 3. Nd2 c5 4. exd5 Qxd5 5. Ngf3 cxd4 6. Bc4 Qd6 7. O-O Nf6 8. Re1 Nc6 9. Ne4 Nxe4 10. Rxe4 Be7 11. Nxd4 e5 12. Bf4 exf4 13. Nxc6 Qxd1+ 14. Rxd1 bxc6 15. Rde1 Kf8 16. Rxe7 Be6 17. R1xe6 fxe6 18. Rc7 h5 19. h4 Rh6 20. f3 Rf6 21. Rxc6 e5 22. Rc7 a5 23. a4 Rd8 24. Bd3 Rfd6 25. Rc5 Rd5 26. Rc7 R8d7 27. Rc6 Ke7 28. Kh2 R7d6 29. Rc7+ Kf6 30. b3 Rxd3 31. cxd3 Rxd3 32. Rc5 Rxb3 33. Rxa5 Ra3 34. Ra8 Ra2 35. Kh3 e4 36. fxe4 Ke5 37. Rg8 Ra3+ 38. Kh2 Rxa4 39. Rxg7 Kxe4 40. Rg5 Ra2 41. Kg1 f3 42. gxf3+ Kxf3 43. Rxh5 Ra1+ 44. Kh2 Kg4 45. Rg5+ Kxh4 46. Rg2 Ra3 47. Rb2 Rh3+ 48. Kg2 Rc3 49. Kf2 Rh3 50. Kg2 Rd3 51. Kf2 Kh3 52. Rb8 Ra3 53. Rg8 Ra2+ 54. Kf3 Ra3+ 55. Kf4 Ra7 56. Rh8+ Kg2 57. Rg8+ Kf2 58. Rf8 Ra4+ 59. Ke5+ Ke3 60. Rd8 Ra5+ 61. Rd5 Ra8 62. Rb5 Rh8 63. Rb3+ Kd2 64. Kf6 Rh6+ 65. Kg7 Rh1 66. Rg3 Ke2 67. Ra3 Kf2 68. Rb3 Rc1 69. Ra3 Rc7+ 70. Kh8 Rb7 71. Kg8 Ke2 72. Kh8 Kd2 73. Kg8 Kc2 74. Kh8 Kb2 75. Rh3 Rb8+ 76. Kh7 Rb7+ 77. Kh8 Ra7 78. Kg8 Kc2 79. Kh8 Kd2 80. Kg8 Ke2 81. Kh8 Kf2 82. Kg8 Kg2 83. Rb3 Rc7 84. Kh8 Rf7 85. Kg8 Rf6 86. Kg7 Rc6 87. Kh8 Kf2 88. Kg7 Rc7+ 89. Kh8 Rc6 90. Kg8 Rc8+ 91. Kg7 Rc7+ 92. Kh8 Ke2 93. Kg8 Rc8+ 94. Kg7 Rc7+ 95. Kh8 Kd2 1/2-1/2


[Site "https://www.chess.com"]

[Event "Titled Tuesday Blitz August 08 Early 2023"]
[White "Sokolovsky, Yahli"]
[Black "Kramnik, Vladimir"]
[WhiteFideId "2820242"]
[BlackFideId "4101588"]
[WhiteElo "2678"]
[BlackElo "2989"]
[Result "0-1"]
[Round "5"]
[TimeControl "180+1"]
[Date "2023.08.08"]
[WhiteClock "0:00:00"]
[BlackClock "0:00:30"]
[Board "23"]

1. b3 e5 2. Bb2 Nc6 3. e3 Nf6 4. Nf3 e4 5. Nd4 Nxd4 6. Bxd4 Be7 7. c4 O-O 8. Nc3 c5 9. Be5 d6 10. Bg3 d5 11. cxd5 Nxd5 12. Bc4 Nxc3 13. dxc3 Qa5 14. Qc2 Bf6 15. O-O Bf5 16. Bd5 Qxc3 17. Qxc3 Bxc3 18. Rac1 Rad8 19. Bxb7 Bb4 20. Rc2 h5 21. h4 Rd3 22. Ba6 Rfd8 23. Bxd3 exd3 24. Rc4 Be6 25. Rf4 a5 26. Rb1 d2 27. Rd1 a4 28. Rc4 Bxc4 29. bxc4 Rd3 30. Bf4 Ra3 31. e4 Rxa2 32. Kf1 Rc2 33. Ke2 a3 34. Kd3 Rc3+ 35. Ke2 Rxc4 36. f3 a2 37. Be5 Rc1 0-1


[Site "https://www.chess.com"]

[Event "Titled Tuesday Blitz August 08 Early 2023"]
[White "Seemann, Jakub"]
[Black "Puranik, Abhimanyu"]
[WhiteFideId "21874697"]
[BlackFideId "5061245"]
[WhiteElo "2674"]
[BlackElo "2961"]
[Result "1-0"]
[Round "5"]
[TimeControl "180+1"]
[Date "2023.08.08"]
[WhiteClock "0:00:10"]
[BlackClock "0:00:00"]
[Board "24"]

1. Nf3 Nf6 2. g3 b6 3. Bg2 Bb7 4. O-O c5 5. c4 g6 6. d4 cxd4 7. Qxd4 Bg7 8. Nc3 O-O 9. Qh4 d6 10. Bh6 Nbd7 11. Bxg7 Kxg7 12. Rfd1 Rc8 13. Rac1 h6 14. b3 a6 15. Qd4 Qc7 16. e4 Rfd8 17. Nd5 e5 18. Nxc7 exd4 19. Nd5 Nxe4 20. Nxd4 Bxd5 21. cxd5 Rxc1 22. Rxc1 Nec5 23. b4 Nd3 24. Rc7 Nf8 25. a3 Ne5 26. h3 Rd7 27. Rc8 a5 28. f4 axb4 29. fxe5 dxe5 30. Nc6 b3 31. Rb8 f5 32. Rxb6 e4 33. Rxb3 Rxd5 34. a4 Ne6 35. a5 Rd1+ 36. Kf2 Rd2+ 37. Kf1 Ra2 38. Rb7+ Kf6 39. Rb6 Kg5 40. a6 Nc5 41. a7 e3 42. Bf3 Rf2+ 43. Kg1 Rxf3 44. a8=Q e2 45. Qd8+ 1-0


[Site "https://www.chess.com"]

[Event "Titled Tuesday Blitz August 08 Early 2023"]
[White "Matinian, Nikita"]
[Black "Kamsky, Gata"]
[WhiteFideId "24129100"]
[BlackFideId "2000024"]
[WhiteElo "2671"]
[BlackElo "2960"]
[Result "1/2-1/2"]
[Round "5"]
[TimeControl "180+1"]
[Date "2023.08.08"]
[WhiteClock "0:00:08"]
[BlackClock "0:00:10"]
[Board "25"]

1. e4 e5 2. Nf3 Nc6 3. Bb5 a6 4. Ba4 Nf6 5. O-O Be7 6. d3 d6 7. c3 O-O 8. Nbd2 Re8 9. Re1 Bf8 10. Nf1 g6 11. Ng3 Bg7 12. h3 h6 13. b4 d5 14. Bb2 b5 15. Bb3 dxe4 16. Nxe4 Be6 17. Bxe6 Rxe6 18. Nc5 Re8 19. a4 Nd5 20. Qb3 Qd6 21. axb5 axb5 22. Rxa8 Rxa8 23. Nd2 Nf4 24. Nde4 Qd5 25. c4 bxc4 26. dxc4 Qd8 27. Rd1 Nd4 28. Bxd4 Ne2+ 29. Kf1 Nxd4 30. Qe3 Qe7 31. Nc3 Qd6 32. Qe4 Rb8 33. Nb5 f5 34. Nxd6 fxe4 35. Na6 Rd8 36. Nxe4 c6 37. b5 cxb5 38. cxb5 Rd5 39. b6 Rb5 40. Nac5 Rxb6 41. g3 Bf8 42. Nd7 Re6 43. Rb1 Bg7 44. Rb8+ Kf7 45. Rb7 Re7 46. Ndc5 Rxb7 47. Nxb7 Bf8 48. Na5 Ke6 49. Nc4 Kd5 50. Ncd2 Bb4 51. Nf6+ Ke6 52. Nde4 Be7 53. Ng4 h5 54. Ne3 Nf5 55. Nxf5 gxf5 56. Nd2 h4 57. g4 e4 58. gxf5+ Kxf5 59. Ke2 Kf4 60. Nc4 Bc5 61. Nb2 Bb6 62. Nd1 Bd4 63. Ke1 Kf3 64. Kf1 Bc5 65. Nc3 Bxf2 66. Nxe4 Be3 67. Nc3 Kg3 68. Nd1 Bd4 69. Ke2 Kxh3 70. Kf3 Kh2 71. Nf2 Bxf2 72. Kxf2 h3 73. Kf1 Kg3 74. Kg1 h2+ 75. Kh1 Kh3 1/2-1/2


[Site "https://www.chess.com"]

[Event "Titled Tuesday Blitz August 08 Early 2023"]
[White "Hua, Lefong"]
[Black "Demidov, Mikhail"]
[WhiteFideId "2602253"]
[BlackFideId "4197143"]
[WhiteElo "2667"]
[BlackElo "2954"]
[Result "0-1"]
[Round "5"]
[TimeControl "180+1"]
[Date "2023.08.08"]
[WhiteClock "0:00:28"]
[BlackClock "0:01:29"]
[Board "26"]

1. d4 d5 2. c4 c6 3. Nf3 Nf6 4. Nc3 dxc4 5. a4 Bf5 6. Ne5 Na6 7. f3 Nd7 8. Nxc4 e5 9. e4 exd4 10. exf5 dxc3 11. Qe2+ Be7 12. Nd6+ Kf8 13. Nxb7 Qb6 14. Qxa6 cxb2 15. Qxb6 bxa1=Q 16. Qxc6 Ne5 17. Qc2 Bg5 18. Qc5+ Kg8 19. Kd1 Rb8 20. Bb5 Qxc1+ 21. Qxc1 Bxc1 22. Kxc1 Rxb7 23. Re1 Rxb5 0-1


[Site "https://www.chess.com"]

[Event "Titled Tuesday Blitz August 08 Early 2023"]
[White "Dehtiarov, Roman"]
[Black "Indjic, Aleksandar"]
[WhiteFideId "14186640"]
[BlackFideId "911925"]
[WhiteElo "2665"]
[BlackElo "2928"]
[Result "0-1"]
[Round "5"]
[TimeControl "180+1"]
[Date "2023.08.08"]
[WhiteClock "0:00:03"]
[BlackClock "0:00:39"]
[Board "27"]

1. c4 Nf6 2. Nc3 e5 3. g3 h6 4. Bg2 Bb4 5. Nd5 Nxd5 6. cxd5 O-O 7. e3 d6 8. Ne2 c6 9. dxc6 Nxc6 10. O-O d5 11. d3 Be6 12. Bd2 a5 13. h3 Qb6 14. a3 Be7 15. Rb1 Rfd8 16. Kh2 f6 17. d4 e4 18. f3 f5 19. Nf4 Bf7 20. fxe4 fxe4 21. g4 Bd6 22. Kh1 Ne7 23. h4 Bc7 24. g5 hxg5 25. hxg5 Ng6 26. Nxg6 Qxg6 27. Qg4 Be6 28. Qh4 Qh7 29. Qxh7+ Kxh7 30. Rbc1 Bd6 31. b4 a4 32. Kg1 Kg6 33. Rc5 Bxc5 34. dxc5 Rf8 35. Bc3 Rxf1+ 36. Bxf1 Bd7 37. b5 Rg8 38. Be5 Kxg5 39. Kf2 Kg6 40. Ke2 Rf8 41. c6 bxc6 42. b6 Bc8 43. Ke1 Kf7 44. Bd6 Rh8 45. Be5 Rh1 46. Kf2 Bb7 47. Bg2 Rb1 48. Bd4 Rb3 49. Bc5 Rb5 50. Bd4 c5 51. Bf1 Rxb6 52. Bxc5 Rb3 53. Be2 Bc6 54. Bg4 g5 55. Bf5 Rb2+ 56. Kg3 Rc2 57. Bd4 Bb5 58. Kg4 Rg2+ 59. Kh5 Be2+ 60. Kh6 g4 61. Kg5 Rf2 62. Be5 Bd1 63. Bf4 Ra2 64. Bg6+ Ke7 65. Kf5 Rxa3 66. Ke5 Kd7 67. Bf5+ Kc6 68. Ke6 g3 69. Bxg3 Rxe3 70. Be5 Rd3 71. Ke7 Kb5 72. Bc8 Kc4 73. Ba6+ Kb3 74. Bxd3 exd3 75. Kd6 Bf3 76. Bf4 a3 77. Kc5 a2 78. Be5 d2 79. Bd4 d1=Q 0-1


[Site "https://www.chess.com"]

[Event "Titled Tuesday Blitz August 08 Early 2023"]
[White "Yaran, Siar"]
[Black "Shimanov, Aleksandr"]
[WhiteFideId "6323006"]
[BlackFideId "4198603"]
[WhiteElo "2658"]
[BlackElo "2927"]
[Result "1-0"]
[Round "5"]
[TimeControl "180+1"]
[Date "2023.08.08"]
[WhiteClock "0:00:26"]
[BlackClock "0:00:00"]
[Board "28"]

1. e4 e6 2. d4 d5 3. exd5 exd5 4. Bf4 Nf6 5. Qd2 Bd6 6. Nc3 O-O 7. O-O-O c6 8. f3 b5 9. g4 a5 10. h4 a4 11. h5 b4 12. Nce2 b3 13. a3 bxc2 14. Kxc2 c5 15. h6 g6 16. Bxd6 Qxd6 17. Qf4 Qe7 18. dxc5 Ba6 19. Nc3 Bxf1 20. Rxf1 Nc6 21. Nge2 Rab8 22. Rd1 Rfd8 23. Nd4 Nxd4+ 24. Qxd4 Rbc8 25. Rhe1 Qf8 26. Qxf6 Qxh6 27. Nxd5 Rxc5+ 28. Kb1 1-0


[Site "https://www.chess.com"]

[Event "Titled Tuesday Blitz August 08 Early 2023"]
[White "Timerkhanov, Alexander"]
[Black "Terry, Renato"]
[WhiteFideId "24177938"]
[BlackFideId "3803457"]
[WhiteElo "2650"]
[BlackElo "2923"]
[Result "1-0"]
[Round "5"]
[TimeControl "180+1"]
[Date "2023.08.08"]
[WhiteClock "0:00:03"]
[BlackClock "0:00:00"]
[Board "29"]

1. d4 e6 2. Nf3 Nf6 3. Bf4 b6 4. e3 Bb7 5. h3 Bd6 6. Bxd6 cxd6 7. Nbd2 d5 8. Bd3 O-O 9. c3 Ne4 10. O-O f5 11. a4 Nc6 12. Be2 Qf6 13. Nxe4 fxe4 14. Nh2 Qg5 15. Qd2 Ne7 16. f4 Qg6 17. a5 Nf5 18. Rf2 Bc6 19. Bg4 Nd6 20. Be2 Nf5 21. Bg4 Nh4 22. g3 Nf5 23. Bxf5 exf5 24. Kg2 b5 25. Rg1 b4 26. cxb4 Rab8 27. Kh1 Qd6 28. g4 Qxb4 29. gxf5 Qxd2 30. Rxd2 Kh8 31. Ng4 Rxf5 32. Rc1 Rb3 33. Rc3 Rxc3 34. bxc3 d6 35. Rb2 Rf8 36. Nf2 Rc8 37. Kg2 h5 38. h4 a6 39. Rb6 Bb5 40. Rxd6 Rxc3 41. Rxd5 g6 42. Nxe4 Rxe3 43. Rd8+ Kg7 44. Ng5 Ra3 45. d5 Rxa5 46. d6 Ra2+ 47. Kf3 Kf6 48. Ke3 Kf5 49. Rf8+ Kg4 50. Rf7 Kxh4 51. d7 Ra3+ 52. Ke4 Rd3 53. Nf3+ Kg3 54. Ne5 Rd1 55. Rg7 Rd6 56. Rxg6+ Rxg6 57. d8=Q Rg7 58. Qf6 Rg8 59. Qf7 Rg4 60. Qxh5 1-0


[Site "https://www.chess.com"]

[Event "Titled Tuesday Blitz August 08 Early 2023"]
[White "Muradli, Mahammad"]
[Black "benny_aizenberg"]
[WhiteFideId "13409301"]
[WhiteElo "2914"]
[BlackElo "2645"]
[Result "1/2-1/2"]
[Round "5"]
[TimeControl "180+1"]
[Date "2023.08.08"]
[WhiteClock "0:00:07"]
[BlackClock "0:00:16"]
[Board "30"]

1. e4 c5 2. Nf3 e6 3. d4 cxd4 4. Nxd4 Nf6 5. Nc3 Nc6 6. Be2 Bb4 7. Nxc6 bxc6 8. Qd3 d5 9. O-O Bxc3 10. Qxc3 Nxe4 11. Qxg7 Qf6 12. Qxf6 Nxf6 13. b3 Rg8 14. Bb2 Nd7 15. c4 a5 16. Rac1 a4 17. cxd5 cxd5 18. bxa4 Ke7 19. Bb5 Ba6 20. Ba3+ Kd8 21. Rc3 Rg4 22. Rb1 Bxb5 23. axb5 Rga4 24. Bd6 Rxa2 25. Rcc1 Rc8 26. Be7+ Kxe7 27. Rxc8 d4 28. h4 Ra7 29. Rc4 e5 30. f4 f6 31. g3 Kd6 32. Rc6+ Kd5 33. b6 Ra6 34. Rc7 Nxb6 35. fxe5 fxe5 36. Rb5+ Ke4 37. Rc6 Ra1+ 38. Kh2 Nd5 39. Rcc5 Ne3 40. Rxe5+ Kf3 41. Rf5+ Nxf5 42. Rxf5+ Ke4 43. Rf7 h5 44. Re7+ Kf5 45. Rf7+ Ke6 46. Rf8 Ra5 47. Kg2 Rd5 48. Kf2 Rf5+ 49. Rxf5 Kxf5 50. Kf3 d3 51. Ke3 Kg4 52. Kxd3 Kxg3 53. Ke3 Kxh4 54. Kf2 Kh3 55. Kg1 Kg3 56. Kh1 h4 57. Kg1 h3 58. Kh1 h2 1/2-1/2


[Site "https://www.chess.com"]

[Event "Titled Tuesday Blitz August 08 Early 2023"]
[White "Demchenko, Anton"]
[Black "Jeet, Jain"]
[WhiteFideId "4160258"]
[BlackFideId "5073022"]
[WhiteElo "2902"]
[BlackElo "2644"]
[Result "1-0"]
[Round "5"]
[TimeControl "180+1"]
[Date "2023.08.08"]
[WhiteClock "0:01:08"]
[BlackClock "0:00:27"]
[Board "31"]

1. e4 c6 2. d4 d5 3. e5 Bf5 4. h4 h5 5. c4 e6 6. Nc3 Nd7 7. Nge2 Bb4 8. cxd5 cxd5 9. Ng3 g6 10. Be2 Ne7 11. Bg5 Rc8 12. O-O Qa5 13. Nb5 a6 14. Nd6+ Bxd6 15. exd6 Nc6 16. Nxf5 exf5 17. Re1 Kf8 18. Bf3 Kg7 19. a3 Qb6 20. Bxd5 Qxd4 21. Qxd4+ Nxd4 22. Re7 Nb6 23. Rxf7+ Kg8 24. Rc7+ 1-0


[Site "https://www.chess.com"]

[Event "Titled Tuesday Blitz August 08 Early 2023"]
[White "Gholami Orimi, Mahdi"]
[Black "Radzhabov, Rodion"]
[WhiteFideId "12558486"]
[BlackFideId "884715"]
[WhiteElo "2897"]
[BlackElo "2640"]
[Result "1-0"]
[Round "5"]
[TimeControl "180+1"]
[Date "2023.08.08"]
[WhiteClock "0:00:03"]
[BlackClock "0:00:00"]
[Board "32"]

1. d4 Nf6 2. c4 e6 3. Nc3 Bb4 4. f3 d5 5. a3 Bxc3+ 6. bxc3 c5 7. cxd5 Nxd5 8. dxc5 Qa5 9. e4 Ne7 10. Be3 Nd7 11. Qb3 Qc7 12. Bb5 O-O 13. Bxd7 Bxd7 14. Ne2 Nc6 15. O-O Ne5 16. Rfd1 a6 17. a4 Rfd8 18. Rd6 b5 19. axb5 axb5 20. Rdd1 Nc4 21. Bf2 e5 22. Ng3 Qc6 23. Nf1 Be6 24. Qb4 Rxa1 25. Rxa1 h5 26. Ne3 Nxe3 27. Bxe3 Bc4 28. Qa5 Qd7 29. c6 Qd3 30. Qb6 Rc8 31. h3 Rxc6 32. Qxc6 Qxe3+ 33. Kh2 Qxc3 34. Qc8+ Kh7 35. Ra8 1-0


[Site "https://www.chess.com"]

[Event "Titled Tuesday Blitz August 08 Early 2023"]
[White "Baskakov, Egor"]
[Black "Tologon tegin, Semetei"]
[WhiteFideId "24197866"]
[BlackFideId "13800574"]
[WhiteElo "2875"]
[BlackElo "2640"]
[Result "1-0"]
[Round "5"]
[TimeControl "180+1"]
[Date "2023.08.08"]
[WhiteClock "0:00:19"]
[BlackClock "0:00:00"]
[Board "33"]

1. e4 e5 2. Nc3 Nc6 3. g3 Bc5 4. Bg2 Nf6 5. h3 d6 6. Nge2 Be6 7. Nd5 Qd7 8. d3 h6 9. c3 Bxd5 10. exd5 Ne7 11. c4 Nh5 12. d4 exd4 13. Nxd4 Nf5 14. Nb3 Bb6 15. c5 Nhxg3 16. fxg3 Nxg3 17. cxb6 Nxh1 18. Qe2+ Kf8 19. Bxh1 Re8 20. Be3 Qxh3 21. Kd2 axb6 22. Nd4 Kg8 23. Bf3 Kh7 24. Rh1 Qg3 25. Qd3+ Qg6 26. Nf5 Re5 27. Nxh6 Qxd3+ 28. Kxd3 Rxe3+ 29. Kxe3 gxh6 30. Rc1 Re8+ 31. Kf4 Re7 32. b4 Kg7 33. a4 Kf6 34. a5 bxa5 35. bxa5 Rd7 36. Rb1 c5 37. dxc6 bxc6 38. Bxc6 Ra7 39. Rb5 Ke6 40. Bb7 Kd7 41. a6 Kc7 42. Rf5 Kb6 43. Rxf7 h5 44. Rh7 h4 45. Rxh4 d5 46. Ke5 d4 47. Rxd4 Kc7 48. Rc4+ Kb6 49. Kd5 Kb5 50. Rc6 Ka5 51. Kc5 Ka4 52. Kb6 1-0


[Site "https://www.chess.com"]